 Dungeon Crawl Stone Soup version 0.18.1-50-g88ac8fd (webtiles) character file.

73 manyhoops the Chucker (level 4, 0/48 HPs)
             Began as an Ogre Hunter on Oct 25, 2016.
             Slain by an adder (2 damage)
             ... on level 2 of the Dungeon.
             The game lasted 00:02:26 (1422 turns).

manyhoops the Chucker (Ogre Hunter)                 Turns: 1422, Time: 00:02:26

Health: 0/48       AC:  3    Str: 18    XL:     4   Next: 27%
Magic:  4/4        EV: 10    Int: 10    God:
Gold:   96         SH:  0    Dex: 10    Spells: 0 memorised, 3 levels left

rFire  . . .     SeeInvis .     l - +0 mace
rCold  . . .     Gourm    .     b - +0 robe
rNeg   . . .     Faith    .     (no shield)
rPois  .         Spirit   .     (helmet restricted)
rElec  .         Dismiss  +     (no cloak)
rCorr  .         Reflect  .     (gloves unavailable)
SustAt .         Harm     .     (boots unavailable)
MR     .....                    k - amulet of dismissal
Stlth  +.........               (no ring)
                                (no ring)

@: lethally poisoned (0 -> -2), not resistant to hostile enchantments, very
unstealthy
A: unfitting armour, tough skin 1
a: no special abilities


You were on level 2 of the Dungeon.
You were not hungry.

You visited 1 branch of the dungeon, and saw 2 of its levels.

You collected 96 gold pieces.

Inventory:

Hand Weapons
 l - a +0 mace (weapon)
Missiles
 c - 3 large rocks (quivered)
 d - 2 throwing nets
Armour
 b - a +0 robe (worn)
Jewellery
 k - an amulet of dismissal (around neck)
Wands
 r - a wand of flame (32/48)
Scrolls
 a - 2 scrolls of remove curse {unknown}
 e - a scroll of fear {unknown}
 h - a scroll of random uselessness {unknown}
 j - a scroll of magic mapping {unknown}
 m - a scroll of identify {unknown}
 n - a scroll of teleportation {unknown}
Potions
 g - 3 potions of curing {unknown}
 i - a potion of heal wounds {unknown}
 q - a potion of brilliance {unknown}
Comestibles
 f - 2 bread rations
 o - a beef jerky
 p - a chunk of flesh


   Skills:
 + Level 3.9 Fighting
 * Level 1.1 Maces & Flails
 + Level 5.0 Throwing
 - Level 1.7 Dodging
 - Level 0.7 Stealth


You had 3 spell levels left.
You didn't know any spells.

Dungeon Overview and Level Annotations

Branches:
Dungeon (2/15)

Altars:
Kikubaaqudgha


Innate Abilities, Weirdness & Mutations

You are too large for most types of armour.
You have tough skin (AC +1).


Message History

The adder bites you.
* * * LOW HITPOINT WARNING * * *
You miss the adder.
The adder is moderately wounded.
The adder barely misses you. The adder closely misses you.
You hit the adder but do no damage.
The adder is moderately wounded.
The adder bites you.
* * * LOW HITPOINT WARNING * * *
You are poisoned.
The adder poisons you! The adder bites you.
* * * LOW HITPOINT WARNING * * *
Throwing (i - inventory. (,) - cycle):
c - 4 large rocks (quivered)
Press: ? - help, Shift-Dir - straight line, f - adder
Aim: an adder (moderately wounded)
You throw a large rock.
The large rock closely misses the adder.
* * * LOW HITPOINT WARNING * * *
You feel sick. The adder bites you.
You die...

#......# ##
#########.....## .## .#
#.....[.......# ..##.#
#..........#### ...#.#
#(.........#
[..#.#####..........###
...#....##............#
..##....##............#
.##......#......@S...(#
##.......#########....#
...#.†...# #....#
####.....#########....#
#.................)#
#.........†........#####
#......................#
#...................>..#
#####..................##


You could see an adder.

Vanquished Creatures
  Jessica (D:2)
  An adder (D:2)
  A worm (D:2)
  A dart slug (D:1)
  A giant gecko (D:1)
  2 giant cockroaches (D:1)
  5 hobgoblins
  3 jackals (D:1)
  4 kobolds
  3 bats
  4 goblins
  5 rats
31 creatures vanquished.

Notes
Turn   | Place    | Note
--------------------------------------------------------------
     0 | D:1      | manyhoops the Ogre Hunter began the quest for the Orb.
     0 | D:1      | Reached XP level 1. HP: 22/22 MP: 1/1
   297 | D:1      | Reached XP level 2. HP: 29/31 MP: 2/2
   944 | D:1      | Reached XP level 3. HP: 32/39 MP: 3/3
  1081 | D:2      | Found an ancient bone altar of Kikubaaqudgha.
  1386 | D:2      | Noticed Jessica
  1391 | D:2      | Killed Jessica
  1391 | D:2      | Reached skill level 1 in Maces & Flails
  1391 | D:2      | Reached skill level 5 in Throwing
  1391 | D:2      | Reached XP level 4. HP: 34/48 MP: 4/4
  1421 | D:2      | HP: 2/48 [adder (2)]
  1422 | D:2      | Slain by an adder

Skill      XL: |  1  2  3 |
---------------+----------+-----
Fighting       | 3 |  3.9
Maces & Flails | 1 |  1.1
Throwing       | 5 |  5.0
Dodging        | |  1.7
Stealth        | |  0.7

Action                   |  1- 3 |  4- 6 || total
-------------------------+-------+-------++-------
Melee: Short sword       |    42 |       ||    42
       Mace              |    50 |    13 ||    63
Throw: Large rock        |     7 |     1 ||     8
 Stab: Sleeping          |     3 |       ||     3
  Eat: Chunk             |     2 |       ||     2
Armor: Robe              |    38 |     4 ||    42
Dodge: Dodged            |    73 |     7 ||    80
